 Dungeon Crawl Stone Soup version 0.21.1-1-g345015f (webtiles) character file.

95 Fang the Skirmisher (level 4, -3/29 HPs)
             Began as a Gargoyle Berserker on May 11, 2018.
             Was a Believer of Trog.
             Killed from afar by an orc wizard (15 damage)
             ... with a puff of flame
             ... on level 3 of the Dungeon.
             The game lasted 00:03:02 (2324 turns).

Fang the Skirmisher (Gargoyle Berserker)            Turns: 2324, Time: 00:03:02

Health: -3/29      AC:  5    Str: 21    XL:     4   Next: 65%
Magic:  4/4        EV: 12    Int:  8    God:    Trog [**....]
Gold:   81         SH:  0    Dex:  9    Spells: 3/3 levels left

rFire    x . .     SeeInvis .   a - +0 hand axe
rCold    + . .     Gourm    .   (no shield)
rNeg     + . .     Faith    .   b - +0 animal skin
rPois    ∞         Spirit   .   (no helmet)
rElec    +         Reflect  .   (no cloak)
rCorr    .         Harm     .   (no gloves)
MR       .....                  (no boots)
Stlth    +.........             (no amulet)
HPRegen  0.09/turn              p - ring of ice
MPRegen  0.09/turn              (no ring)

@: berserk cooldown, starving, slowed, very slow
A: negative energy resistance 1, electricity resistance, unbreathing,
petrification resistance, rot immunity, AC +3
a: Berserk, Trog's Hand, Burn Spellbooks, Renounce Religion


You were on level 3 of the Dungeon.
You worshipped Trog.
Trog was pleased with you.
You were starving.

You visited 1 branch of the dungeon, and saw 3 of its levels.

You collected 81 gold pieces.

Inventory:

Hand Weapons
 a - a +0 hand axe (weapon)
Armour
 b - a +0 animal skin (worn)
Jewellery
 p - a ring of ice (left hand)
 q - an uncursed ring of poison resistance {unknown}
Scrolls
 d - a scroll of random uselessness {unknown}
 g - a scroll of amnesia {unknown}
 k - a scroll of magic mapping {unknown}
 l - 2 scrolls of teleportation {unknown}
 m - a scroll of remove curse {unknown}
 o - 2 scrolls of identify {unknown}
Potions
 e - 3 potions of might {unknown}
 f - a potion of agility {unknown}
 h - a potion of curing {unknown}
 i - 2 potions of lignification {unknown}
 j - a potion of brilliance {unknown}
 n - a potion of ambrosia {unknown}
Comestibles
 c - 2 rations


   Skills:
 + Level 4.0 Fighting
 + Level 3.6 Axes
 + Level 2.6 Armour
 + Level 2.1 Dodging
 + Level 0.9 Stealth


You had 3 spell levels left.
You didn't know any spells.

Dungeon Overview and Level Annotations

Branches:
Dungeon (3/15)

Altars:
Cheibriados


Innate Abilities, Weirdness & Mutations

You are resistant to torment.
Your stone body is resilient. (AC +3)
You are immune to poison.
You resist negative energy. (rN+)
You are resistant to electric shocks. (rElec)
You can survive without breathing.
You are immune to petrification.
You are immune to rotting.


Message History

You kill the orc!
Trog accepts your kill.
The orc priest looks braver for a moment.
You hit the orc.
You kill the orc!
Trog accepts your kill.
You completely miss something. Something hits you but does no damage.
You are no longer berserk.
You are exhausted.
You feel yourself slow down. Something hits you but does no damage.
Found 21 sling bullets.
You see here a dagger.
Unknown command.
You barely miss something. Something hits you.
You miss something. Something hits you but does no damage.
You hear some strange, mumbled words.
A puff of flame appears from out of thin air!
The puff of flame hits you! The fire burns you terribly!
Ouch! That really hurt!
You die...

#. .....
#.# #.....
#.. ......
..##......
##..#So...
(..#Jo.
###){#
#<.)@#
####..#
..=...
#.#...##
.. #....
.## ..###
. .># #
#.#


You could see an orc priest, an ooze and a ball python.

Vanquished Creatures
  Natasha (D:3)
  An ooze (D:1)
  A dart slug (D:2)
  3 leopard geckos
  7 orcs (D:3)
  A ball python (D:2)
  2 giant cockroaches (D:2)
  7 goblins (D:2)
  6 hobgoblins
  3 jackals (D:1)
  3 bats
  3 frilled lizards
  A giant cockroach zombie (D:2)
  3 kobolds (D:2)
  9 rats
51 creatures vanquished.

Notes
Turn   | Place    | Note
-------+----------+-------------------------------------------
     0 | D:1      | Fang the Gargoyle Berserker began the quest for the Orb.
     0 | D:1      | Reached XP level 1. HP: 14/14 MP: 1/1
   520 | D:1      | Reached XP level 2. HP: 19/19 MP: 2/2
   584 | D:1      | Found a snail-covered altar of Cheibriados.
  1155 | D:2      | Reached XP level 3. HP: 17/23 MP: 3/3
  1163 | D:2      | Found a faded altar of an unknown god.
  1215 | D:2      | Reached ** piety under Trog
  2304 | D:3      | Noticed Natasha
  2306 | D:3      | Reached XP level 4. HP: 29/29 MP: 4/4
  2314 | D:3      | Killed Natasha
  2314 | D:3      | Reached skill level 4 in Fighting
  2324 | D:3      | Killed from afar by an orc wizard

Skill      XL: |  1  2  3  4 |
---------------+-------------+-----
Axes           | 3 |  3.6
Dodging        | 2 |  2.1
Fighting       | 4 |  4.0
Armour         | |  2.6
Stealth        | |  0.9

Action                   |  1- 3 |  4- 6 || total
-------------------------+-------+-------++-------
Melee: Hand axe          |   124 |    15 ||   139
Invok: Berserk           |     1 |     1 ||     2
  Eat: Chunk             |     4 |       ||     4
Armor: Animal skin       |    46 |     3 ||    49
Dodge: Dodged            |   100 |     4 ||   104
